 Dungeon Crawl Stone Soup version 0.23.2-33-g5129a83184 (webtiles) character file.

Game seed: 16397536211748894622

11519 AarnesTheHuman the Protected (level 11, -6/95 (96) HPs)
             Began as a Barachi Fighter on Aug 7, 2019.
             Was a Follower of Ashenzari.
             Mangled by a six-headed hydra (10 damage)
             ... on level 1 of the Lair of Beasts.
             The game lasted 00:31:18 (14825 turns).

AarnesTheHuman the Protected (Barachi Fighter)     Turns: 14825, Time: 00:31:19

HP:   -6/95 (96)    AC: 11    Str: 21    XL:     11   Next: 79%
MP:   20/20         EV:  7    Int:  8    God:    Ashenzari [*.....]
Gold: 281           SH: 18    Dex: 12    Spells: 10/10 levels left

rFire    . . .     SeeInvis .   d - +2 short sword (elec)
rCold    + . .     Gourm    .   D - +0 large shield
rNeg     . . .     Faith    .   y - +2 scale mail {rC+}
rPois    .         Spirit   .   t - +0 hat
rElec    .         Reflect  .   (no cloak)
rCorr    .         Harm     .   (no gloves)
MR       .....                  (no boots)
Stlth    ..........             (no amulet)
HPRegen  0.25/turn              j - ring of magical power
MPRegen  0.17/turn              (no ring)

@: slow
A: +LOS, swims, slowness 1, strong legs 1
a: Hop, Curse Item, Scrying, Renounce Religion


You were on level 1 of the Lair of Beasts.
You worshipped Ashenzari.
Ashenzari was aware of your devotion.
You were not hungry.

You visited 3 branches of the dungeon, and saw 14 of its levels.

You collected 463 gold pieces.
You spent 182 gold pieces at shops.

Inventory:

Hand Weapons
 a - a +2 short sword of protection
 d - a +2 short sword of electrocution (weapon)
 p - a +2 mace of draining
Armour
 b - a +0 scale mail
 c - a +1 shield
 t - a +0 hat (worn)
 y - a +2 scale mail of cold resistance (worn)
 z - a +2 ring mail of magic resistance
 C - the +1 robe of Goma Punn {Str+4 Int+3 SInv}
   (You found it on level 9 of the Dungeon)

   It affects your strength (+4).
   It affects your intelligence (+3).
   It lets you see invisible.
 D - a +0 large shield (worn)
Jewellery
 e - an uncursed ring of protection from fire
 j - a ring of magical power (left hand)
 o - an uncursed ring of ice
Wands
 w - a wand of random effects (12)
Scrolls
 l - a scroll of magic mapping
 q - 2 scrolls of amnesia
 s - a scroll of identify
 B - a scroll of acquirement {unknown}
Potions
 g - 2 potions of mutation
 h - 4 potions of curing
 k - a potion of resistance
 m - a potion of magic {unknown}
 n - 4 potions of brilliance {unknown}
 r - a potion of cancellation
 u - 2 potions of haste {unknown}
 v - a potion of heal wounds {unknown}
 x - a potion of lignification {unknown}
Comestibles
 f - 18 rations


   Skills:
 + Level 12.7 Fighting
   Level 3.9 Long Blades
 + Level 12.7 Armour
 + Level 11.8 Shields


You had 10 spell levels left.
You didn't know any spells.
Your spell library contained the following spells:

 Spells                   Type           Power        Failure   Level  Hunger
 Magic Dart               Conj           #...         99%         1    ##.....
 Shock                    Conj/Air       #...         99%         1    ##.....
 Searing Ray              Conj           #.....       100%        2    ###....
 Swiftness                Chrm/Air       #.......     100%        2    ###....
 Dazzling Spray           Conj/Hex       #.....       100%        3    ####...
 Static Discharge         Conj/Air       #.......     100%        3    ####...
 Airstrike                Air            #.........   100%        4    #####..
 Force Lance              Conj/Tloc      #.......     100%        4    #####..
 Fulminant Prism          Conj/Hex       #.........   100%        4    #####..
 Iskenderun's Mystic Bla  Conj           #.......     100%        4    #####..
 Bolt of Magma            Conj/Fire/Erth #.........   100%        5    ######.
 Iskenderun's Battlesphe  Conj/Chrm      #.......     100%        5    ######.
 Lightning Bolt           Conj/Air       #.........   100%        5    ######.
 Venom Bolt               Conj/Pois      #.........   100%        5    ######.
 Iron Shot                Conj/Erth      #.........   100%        6    #######
 Orb of Destruction       Conj           #.........   100%        7    #######
 Spellforged Servitor     Conj/Summ      #.........   100%        7    #######


Dungeon Overview and Level Annotations

Branches:
Dungeon (11/15)            Temple (1/1) D:5            Lair (2/6) D:10
    Orc (0/2) D:10
  Swamp: Lair:2-4    Shoals: Lair:2-4     Snake: Lair:2-4    Spider: Lair:2-4

Altars:
Ashenzari
Cheibriados
Dithmenos
Fedhas
Gozag
Hepliaklqana
Kikubaaqudgha
Makhleb
Nemelex Xobeh
Okawaru
Qazlal
Ru
Uskayaw
Vehumet
Wu Jian
Xom
Yredelemnul
Zin
The Shining One

Shops:
D:4 %   D:6 [   D:7 *

Annotations:
D:7 1 runed translucent door, Crazy Yiuf


Innate Abilities, Weirdness & Mutations

Shadows flee at your approach. (+LOS)
You can swim through water.
You cover ground slowly.
You can hop short distances.


Message History

The six-headed hydra bites you. The six-headed hydra bites you!
You hit the six-headed hydra.
The six-headed hydra is moderately wounded.
The blink frog blinks!
You block the six-headed hydra's attack. x2
The six-headed hydra bites you but does no damage.
The six-headed hydra bites you!
* * * LOW HITPOINT WARNING * * *
You block the six-headed hydra's attack.
The six-headed hydra bites you!
* * * LOW HITPOINT WARNING * * *
The blink frog blinks!
You block the blink frog's attack.
You puncture the six-headed hydra!
The six-headed hydra is moderately wounded.
The six-headed hydra bites you!
* * * LOW HITPOINT WARNING * * *
The six-headed hydra completely misses you.
You block the six-headed hydra's attack. x3
The six-headed hydra bites you!
You die...

#.#.##.#######P.#####.#
##..#
..................[...
....P#
......................
......
...............>......
......
#############...#####
.##### #...# #...# #
#...## # #...@#
######.#.#
#..FFD...............
........................
#####....F...............
#....................
#..F...........^.^...
#..ยง.................
#........)...........
#......F...........<.


You could see a six-headed hydra and 5 blink frogs.

Vanquished Creatures
  Fannar (D:10)
  A hydra (D:9)
  2 two-headed ogres
  Pikel (D:4)
  An ugly thing (D:10)
  A spiny frog (Lair:1)
  Prince Ribbit (D:8)
  A shadow (D:7)
  A spriggan (D:8)
  11 yaks
  A basilisk (Lair:1)
  Duvessa (D:7)
  4 water moccasins
  2 orc warriors
  4 porcupines
  4 phantoms
  4 ice beasts
  3 sky beasts
  A slave (D:4)
  2 black bears
  A necrophage (D:9)
  5 ogres
  A centaur (D:7)
  A big kobold (D:8)
  2 crocodiles
  A gnoll sergeant (D:8)
  11 bullfrogs
  Dowan (D:7)
  3 scorpions
  9 wights
  A centaur zombie (D:5)
  3 crimson imps
  4 hounds
  4 jellies
  An orc priest (D:6)
  A centaur skeleton (D:7)
  5 iguanas
  8 orc wizards
  5 worker ants
  10 gnolls
  12 adders
  An ooze (D:3)
  2 adder skeletons
  5 worms
  A dart slug (D:1)
  4 leopard geckos
  36 orcs
  6 giant cockroaches
  5 goblins
  5 hobgoblins
  8 jackals (D:5)
  5 quokkas
  A ball python (D:2)
  6 bats
  7 frilled lizards
  2 gnoll zombies (D:3)
  11 kobolds
  A leopard gecko skeleton (D:8)
  A quokka skeleton (D:8)
  9 rats
252 creatures vanquished.

Vanquished Creatures (others)
  An ogre (D:10)
  2 orcs (D:4)
  5 fungi
  10 plants
18 creatures vanquished.

Grand Total: 270 creatures vanquished

Notes
Turn   | Place    | Note
-------+----------+-------------------------------------------
     0 | D:1      | AarnesTheHuman the Barachi Fighter began the quest for the
                  | Orb.
     0 | D:1      | Reached XP level 1. HP: 18/18 MP: 1/1
   100 | D:1      | Reached XP level 2. HP: 25/25 MP: 2/2
   715 | D:2      | Reached XP level 3. HP: 29/30 MP: 3/3
   960 | D:2      | You fall through a shaft!
  1113 | D:2      | Reached XP level 4. HP: 22/37 MP: 4/4
  1268 | D:2      | Found an iron altar of Okawaru.
  1733 | D:3      | Reached XP level 5. HP: 38/43 MP: 5/5
  2153 | D:3      | Found a snail-covered altar of Cheibriados.
  2208 | D:3      | Found an ancient bone altar of Kikubaaqudgha.
  2487 | D:3      | Found a sacrificial altar of Ru.
  2563 | D:3      | Found a basalt altar of Yredelemnul.
  2739 | D:4      | Found an opulent altar of Gozag.
  2749 | D:4      | Found Neteczurph's Food Shoppe.
  2776 | D:4      | Found a blossoming altar of Fedhas.
  2992 | D:4      | Reached skill level 5 in Fighting
  2992 | D:4      | Reached skill level 5 in Armour
  3018 | D:4      | Reached XP level 6. HP: 33/51 MP: 6/6
  3322 | D:4      | Noticed a slave
  3322 | D:4      | Noticed a slave
  3410 | D:4      | Killed a slave
  3421 | D:4      | Noticed a slave
  3423 | D:4      | Noticed Pikel
  3428 | D:4      | Noticed a slave
  3456 | D:4      | Killed Pikel
  3456 | D:4      | Reached skill level 5 in Shields
  3456 | D:4      | Reached XP level 7. HP: 30/59 MP: 7/7
  3643 | D:4      | Found a radiant altar of Vehumet.
  3906 | D:4      | Found a hide-covered altar of Uskayaw.
  3921 | D:4      | Found a glowing golden altar of the Shining One.
  4028 | D:5      | Entered Level 5 of the Dungeon
  4069 | D:5      | Found a staircase to the Ecumenical Temple.
  4085 | Temple   | Entered the Ecumenical Temple
  4097 | Temple   | Became a worshipper of Ashenzari the Shackled
  4133 | D:5      | Reached XP level 8. HP: 34/65 MP: 8/8
  5469 | D:6      | Found an ornate altar of the Wu Jian Council.
  5592 | D:6      | Found a blossoming altar of Fedhas.
  5991 | D:6      | Found Pavain's Antique Armour Boutique.
  5994 | D:6      | Bought a runed scale mail for 182 gold pieces
  6119 | D:6      | Reached XP level 9. HP: 69/75 MP: 9/9
  6203 | D:7      | Noticed Duvessa
  6204 | D:7      | Noticed Dowan
  6214 | D:7      | Killed Duvessa
  6220 | D:7      | Killed Dowan
  6590 | D:7      | Noticed a two-headed ogre
  6923 | D:7      | Found a hazy altar of Hepliaklqana.
  7069 | D:7      | Found a runed translucent door.
  7070 | D:7      | Noticed Crazy Yiuf
  7092 | D:7      | Found Raruhebb's General Store.
  7998 | D:8      | Noticed Prince Ribbit
  8013 | D:8      | Killed Prince Ribbit
  8241 | D:8      | Found a shimmering altar of Xom.
  8753 | D:8      | Reached skill level 10 in Fighting
  8782 | D:8      | Reached skill level 10 in Armour
  8782 | D:8      | Reached XP level 10. HP: 79/85 MP: 10/10
  9189 | D:8      | Found a shadowy altar of Dithmenos.
  9265 | D:8      | Found a glowing silver altar of Zin.
  9523 | D:9      | Got the uncursed robe of Goma Punn {Str+4 Int+3 SInv}
  9864 | D:9      | Noticed a two-headed ogre
  9876 | D:9      | Killed a two-headed ogre
  9876 | D:9      | Reached skill level 10 in Shields
 10466 | D:10     | Entered Level 10 of the Dungeon
 10475 | D:10     | Noticed a two-headed ogre
 10494 | D:10     | Killed a two-headed ogre
 10774 | D:10     | Noticed Fannar
 11138 | D:9      | Reached XP level 11. HP: 91/92 MP: 11/11
 11921 | D:10     | Noticed a six-headed hydra
 12199 | D:10     | Killed Fannar
 12773 | D:9      | Killed a six-headed hydra
 12873 | D:10     | Found a staircase to the Lair.
 13052 | D:10     | Found a staircase to the Orcish Mines.
 13395 | D:11     | Reached * piety under Ashenzari
 13395 | D:11     | Noticed a brown ugly thing
 13412 | D:10     | Killed a brown ugly thing
 13709 | Lair:1   | Entered Level 1 of the Lair of Beasts
 13884 | Lair:1   | Noticed a six-headed hydra
 13896 | Lair:1   | HP: 4/95 [six-headed hydra (4)]
 14825 | Lair:1   | HP: 4/95 [six-headed hydra (11)]
 14825 | Lair:1   | Mangled by a six-headed hydra

Skill      XL: |  1  2  3  4  5  6  7  8  9 10 11 |
---------------+----------------------------------+-----
Armour         | 4 5 6 8 10 11 12 | 12.7
Fighting       | 4 5 6 8 10 11 12 | 12.7
Long Blades    | 3 |  3.9
Shields        | 4 5 6 7 9 10 11 | 11.8

Action                   |  1- 3 |  4- 6 |  7- 9 | 10-12 || total
-------------------------+-------+-------+-------+-------++-------
Melee: Long sword        |   121 |   165 |       |       ||   286
       Mace              |       |    16 |   254 |       ||   270
       Halberd           |       |     2 |       |       ||     2
       Short sword       |       |       |   180 |   491 ||   671
 Abil: Hop               |       |     2 |     2 |     7 ||    11
Evoke: Wand              |       |       |       |    10 ||    10
  Use: Scroll            |       |     9 |     2 |     6 ||    17
       Potion            |       |     1 |     3 |     3 ||     7
  Eat: Chunk             |     1 |     9 |    12 |    15 ||    37
       Ration            |       |       |     2 |     2 ||     4
Armor: Scale mail        |    61 |    75 |   187 |   168 ||   491
Dodge: Dodged            |    47 |    57 |   128 |   115 ||   347
Block: Shield            |    65 |    83 |   236 |   283 ||   667
       Large shield      |       |       |       |    50 ||    50
       Rpst.: Long sword |    18 |    17 |       |       ||    35
